 Dungeon Crawl Stone Soup version 0.25-a0-667-gb977e01cb5 (webtiles) character file.

Game seed: 2590668125328418103, levelgen mode: deterministic

37868 Squishygargs the Blocker (level 13, -4/87 HPs)
             Began as a Gargoyle Fighter on Mar 27, 2020.
             Was a High Priest of Qazlal.
             Killed from afar by a lindwurm (26 damage)
             ... with a blast of flame
             ... on level 6 of the Lair of Beasts.
             The game lasted 01:09:33 (14838 turns).

Squishygargs the Blocker (Gargoyle Fighter)        Turns: 14838, Time: 01:09:34

Health: -4/87      AC: 40    Str: 29    XL:     13   Next: 99%
Magic:  10/18      EV:  7    Int: 11    God:    Qazlal [*****.]
Gold:   1082       SH: 20    Dex:  9    Spells: 12/12 levels left

rFire    . . .     SeeInvis .   z - +2 flail (protect)
rCold    . . .     Gourm    .   c - +0 kite shield
rNeg     + + .     Faith    +   T - +2 plate armour {rN+}
rPois    ∞         Spirit   .   s - +0 helmet
rElec    +         Reflect  .   N - +0 cloak
rCorr    .         Harm     .   (no gloves)
MR       +....                  k - +0 pair of boots
Stlth    ..........             H - amulet of faith
HPRegen  0.24/turn              g - +6 ring of strength
MPRegen  0.16/turn              u - ring of protection from magic

@: mighty, protected from physical damage, protection aura, slowed, repel
missiles, very slow
A: negative energy resistance 1, electricity resistance, unbreathing,
petrification resistance, rot immunity, AC +9
a: Upheaval, Elemental Force, Disaster Area, Renounce Religion


You were on level 6 of the Lair of Beasts.
You worshipped Qazlal.
Qazlal was extremely pleased with you.
You were full.

You visited 3 branches of the dungeon, and saw 17 of its levels.
You also visited: Ossuary.

You collected 1154 gold pieces.
You spent 72 gold pieces at shops.

Inventory:

Hand Weapons
 a - a +0 war axe
 z - a +2 flail of protection (weapon)
Armour
 c - a +0 kite shield (worn)
 k - a +0 pair of boots (worn)
 s - a +0 helmet (worn)
 N - a +0 cloak (worn)
 T - a +2 plate armour of positive energy (worn)
Jewellery
 g - a +6 ring of strength (left hand)
 j - a +3 ring of strength
 u - a ring of protection from magic (right hand)
 H - an amulet of faith (around neck)
 W - an uncursed ring of ice {unknown}
Wands
 p - a wand of disintegration (15)
 y - a wand of paralysis (2)
 F - a wand of flame (25)
 G - a wand of random effects (36)
 I - a wand of enslavement (5)
 Q - a wand of iceblast (9)
 U - a wand of polymorph (7)
 V - a wand of acid (5)
Scrolls
 d - 2 scrolls of blinking {unknown}
 e - 12 scrolls of identify
 h - a scroll of vulnerability {unknown}
 i - 3 scrolls of magic mapping {unknown}
 l - 7 scrolls of remove curse
 n - 7 scrolls of teleportation
 w - a scroll of silence {unknown}
 x - 2 scrolls of fog {unknown}
 C - 4 scrolls of enchant armour {unknown}
 K - 2 scrolls of summoning {unknown}
 L - 3 scrolls of immolation {unknown}
 M - a scroll of random uselessness {unknown}
 O - 2 scrolls of fear {unknown}
 P - a scroll of torment {unknown}
 R - 2 scrolls of amnesia {unknown}
 S - a scroll of acquirement {unknown}
Potions
 b - a potion of berserk rage {unknown}
 m - 4 potions of haste
 o - 7 potions of curing
 q - a potion of stabbing {unknown}
 r - 2 potions of cancellation {unknown}
 t - a potion of mutation {unknown}
 v - 3 potions of degeneration
 A - 6 potions of brilliance
 B - a potion of ambrosia {unknown}
 D - a potion of might
 E - 2 potions of lignification {unknown}
 J - 2 potions of resistance {unknown}
 Y - 2 potions of flight {unknown}
Miscellaneous
 Z - a lamp of fire
Comestibles
 f - 43 rations


   Skills:
 * Level 12.6 Fighting
 * Level 12.2 Axes
 - Level 10.2 Armour
 + Level 12.9 Shields
 - Level 7.5 Invocations


You had 12 spell levels left.
You didn't know any spells.
Your spell library contained the following spells:

 Spells                   Type           Power        Failure   Level  Hunger
 Summon Butterflies       Summ           #.......     98%         1    ##.....
 Summon Small Mammal      Summ           #...         98%         1    ##.....
 Call Imp                 Summ           #.......     99%         2    ###....
 Call Canine Familiar     Summ           #.......     100%        3    ####...
 Confusing Touch          Hex            #.......     100%        3    ####...
 Gell's Gravitas          Tloc           #.........   100%        3    ####...
 Summon Guardian Golem    Hex/Summ       #.......     100%        3    ####...
 Petrify                  Tmut/Erth      #.......     100%        4    #####..
 Summon Ice Beast         Ice/Summ       #.......     100%        4    #####..
 Summon Lightning Spire   Summ/Air       #.......     100%        4    #####..
 Metabolic Englaciation   Hex/Ice        #.........   100%        5    ######.
 Silence                  Hex/Air        #.........   100%        5    ######.
 Summon Mana Viper        Hex/Summ       #.......     100%        5    ######.
 Yara's Violent Unravell  Hex/Tmut       #.........   100%        5    ######.
 Conjure Ball Lightning   Conj/Air       #.........   100%        6    #######
 Deflect Missiles         Chrm/Air       #.........   100%        6    #######
 Summon Hydra             Summ           #.........   100%        7    #######
 Tornado                  Air            #.........   100%        9    #######


Dungeon Overview and Level Annotations

Branches:
Dungeon (10/15)            Temple (1/1) D:5            Lair (6/6) D:9
  Swamp (0/4) Lair:4        Snake (0/4) Lair:4          Orc (0/2) D:9
Ossuary (visited)
  Slime: Lair:5-6

Altars:
Ashenzari
Cheibriados
Dithmenos
Elyvilon
Fedhas
Gozag
Hepliaklqana
Kikubaaqudgha
Makhleb
Nemelex Xobeh
Okawaru
Qazlal
Ru
Sif Muna
Trog
Uskayaw
Vehumet
Wu Jian
Xom
Yredelemnul
Zin
The Shining One

Shops:
D:4 ?   D:7 [

Annotations:
D:2 1 runed translucent door, Crazy Yiuf
Lair:2 3 runed translucent doors, exclusion: oklob plant, Waucruy's ghost, journeyman MiFi
Lair:5 exclusion: 3 oklob plants


Innate Abilities, Weirdness & Mutations

You are resistant to torment.
Your stone body is resilient. (AC +9)
You are immune to poison.
You resist negative energy. (rN+)
You are resistant to electric shocks. (rElec)
You can survive without breathing.
You are immune to petrification.
You are immune to rotting.


Message History

Your weapon exudes an aura of protection.
The lindwurm is heavily wounded.
You block the lindwurm's attack. x3; The blink frog closely misses you.
The lindwurm barely misses you. x2; The lindwurm claws you.
* * * LOW HITPOINT WARNING * * *
You block the blink frog's attack.
You hit the lindwurm.
The lindwurm is severely wounded.
You feel yourself speed up. You block the blink frog's attack.
The lindwurm bites you!
* * * LOW HITPOINT WARNING * * *
You feel more protected from physical attacks.
The lindwurm claws you but does no damage. x2
Being near the torpor snail leaves you feeling lethargic.
The blink frog blinks!
You block the blink frog's attack.
You feel better. You block the blink frog's attack.
The lindwurm is engulfed in blazing flames.
The lindwurm breathes flames at you. The blast of flame hits you!!
You die...

### ## #####@#### .##
..#.†.kF#.F###..##.
......○†Y.............
..#.#..#wF........[...
#...#.......###.....#
#...###.....### .P.
.... ##...##..##.##
.... P#.....#......#
... ........#Y....#


You could see a torpor snail, a lindwurm, a yak and 2 blink frogs.

Vanquished Creatures
  Harold (D:9)
  7 hydras
  A catoblepas (Lair:5)
  5 death yaks (Lair:4)
  An unseen horror (D:10)
  Pikel (D:5)
  11 elephants
  4 black mambas
  8 spiny frogs
  8 komodo dragons
  A polar bear (Lair:2)
  14 blink frogs
  3 hippogriffs
  A hornet (D:10)
  6 dream sheep (Lair:5)
  Sigmund (D:2)
  2 basilisks
  19 yaks
  5 vampire mosquitoes
  2 hungry ghosts (D:8)
  A steam dragon (D:10)
  A naga (Lair:4)
  3 wargs (D:9)
  Edmund (D:6)
  11 water moccasins
  Duvessa (D:7)
  3 porcupines
  4 orc warriors
  2 ice beasts
  A hornet zombie (D:9)
  5 sky beasts
  4 slaves (D:5)
  An eye of draining (D:10)
  2 phantoms
  A necrophage (D:5)
  8 wolves
  7 ogres
  13 crocodiles
  A centaur (D:7)
  A big kobold (D:8)
  25 bullfrogs
  3 scorpions (D:10)
  Dowan (D:7)
  A killer bee (D:9)
  An electric eel (Lair:4)
  2 howler monkeys
  3 crimson imps
  A bullfrog zombie (D:7)
  3 quasits
  2 centaur zombies
  A centaur skeleton (D:8)
  11 orc priests
  A hound (D:7)
  2 jellies
  Jessica (D:2)
  3 iguanas
  9 orc wizards
  10 worker ants
  2 killer bee zombies (D:9)
  3 hound skeletons
  2 mummies (Ossuary)
  8 gnolls
  9 adders
  A shadow imp (D:5)
  An ooze (D:3)
  An adder zombie (Ossuary)
  2 worms
  A dart slug (D:2)
  7 leopard geckos
  32 orcs
  9 bats
  6 giant cockroaches
  9 goblins
  5 hobgoblins
  2 jackals (D:6)
  3 quokkas
  2 ball pythons
  4 frilled lizards
  A goblin zombie (Ossuary)
  14 hobgoblin zombies (Ossuary)
  A jackal zombie (Ossuary)
  12 kobolds
  6 kobold zombies (Ossuary)
  A leopard gecko skeleton (D:4)
  9 orc zombies (Ossuary)
  A quokka zombie (D:5)
  6 rats
  3 rat zombies (Ossuary)
  A fungus (Lair:2)
  3 plants
419 creatures vanquished.

Vanquished Creatures (others)
  2 fungi
  20 plants
22 creatures vanquished.

Grand Total: 441 creatures vanquished

Notes
Turn   | Place    | Note
-------+----------+-------------------------------------------
     0 | D:1      | Squishygargs the Gargoyle Fighter began the quest for the
                  | Orb.
     0 | D:1      | Reached XP level 1. HP: 14/14 MP: 1/1
   146 | D:1      | Found a sparkling altar of Nemelex Xobeh.
   222 | D:1      | Reached XP level 2. HP: 19/19 MP: 2/2
   711 | D:2      | Reached XP level 3. HP: 7/23 MP: 3/3
  1088 | D:2      | Noticed Jessica
  1092 | D:2      | Killed Jessica
  1092 | D:2      | Reached XP level 4. HP: 29/29 MP: 4/4
  1396 | D:2      | Noticed Sigmund
  1450 | D:2      | Killed Sigmund
  1450 | D:2      | Reached skill level 5 in Shields
  1450 | D:2      | Reached XP level 5. HP: 34/34 MP: 5/5
  1450 | D:2      | Reached XP level 6. HP: 39/39 MP: 6/6
  1563 | D:2      | Found a runed translucent door.
  1564 | D:2      | Noticed Crazy Yiuf
  2467 | D:4      | Found Hafulyum's Magic Scroll Shoppe.
  2475 | D:4      | Bought a scroll of remove curse for 36 gold pieces
  2475 | D:4      | Bought a scroll of teleportation for 36 gold pieces
  2624 | D:4      | Reached XP level 7. HP: 32/44 MP: 7/7
  3143 | D:5      | Entered Level 5 of the Dungeon
  3209 | D:5      | Reached skill level 5 in Fighting
  3209 | D:5      | Reached skill level 5 in Armour
  3265 | D:5      | Found a staircase to the Ecumenical Temple.
  3269 | Temple   | Entered the Ecumenical Temple
  3276 | Temple   | Became a worshipper of Qazlal Stormbringer
  3412 | D:5      | Noticed Pikel
  3492 | D:5      | Killed Pikel
  3492 | D:5      | Reached skill level 1 in Invocations
  3492 | D:5      | Reached XP level 8. HP: 18/50 MP: 7/9
  3720 | D:5      | Reached skill level 5 in Axes
  3759 | D:5      | Found an opulent altar of Gozag.
  4036 | D:6      | Found a sand-covered staircase.
  4041 | Ossuary  | Entered an ossuary
  4069 | Ossuary  | Reached * piety under Qazlal
  4347 | D:6      | Reached ** piety under Qazlal
  5102 | D:6      | Noticed Edmund
  5109 | D:6      | Killed Edmund
  5109 | D:6      | Reached XP level 9. HP: 55/55 MP: 9/11
  5270 | D:7      | Found an ornate altar of the Wu Jian Council.
  5290 | D:7      | Found Qyanoech's Antique Armour Emporium.
  5327 | D:7      | Noticed Dowan
  5332 | D:7      | Noticed Duvessa
  5348 | D:7      | Killed Duvessa
  5357 | D:7      | Killed Dowan
  5820 | D:7      | Found a bloodstained altar of Trog.
  5821 | D:7      | Found a hazy altar of Hepliaklqana.
  6336 | D:7      | Reached *** piety under Qazlal
  6841 | D:8      | Reached XP level 10. HP: 57/61 MP: 13/13
  6926 | D:8      | Found a sparkling altar of Nemelex Xobeh.
  7115 | D:8      | Found a shimmering blue altar of Sif Muna.
  7194 | D:9      | Noticed Harold
  7209 | D:9      | Killed Harold
  7220 | D:9      | Found an iron altar of Okawaru.
  7220 | D:9      | Found a staircase to the Orcish Mines.
  7240 | D:9      | Reached skill level 5 in Invocations
  7307 | D:9      | Reached skill level 10 in Shields
  7313 | D:9      | Reached **** piety under Qazlal
  7518 | D:9      | Reached XP level 11. HP: 56/68 MP: 15/15
  7584 | D:9      | Found a staircase to the Lair.
  7767 | D:9      | Found a snail-covered altar of Cheibriados.
  7880 | D:10     | Entered Level 10 of the Dungeon
  8222 | D:10     | Reached ***** piety under Qazlal
  8322 | D:10     | Killed an unseen horror
  8921 | Lair:1   | Entered Level 1 of the Lair of Beasts
  9095 | Lair:1   | Noticed a seven-headed hydra
  9135 | Lair:1   | Killed an eight-headed hydra
 10054 | Lair:2   | Noticed an oklob plant
 10063 | Lair:2   | Noticed Waucruy's ghost (journeyman MiFi)
 10065 | Lair:2   | Noticed a seven-headed hydra
 10069 | Lair:2   | Found a runed translucent gate.
 10076 | Lair:2   | Found a runed translucent gate.
 10089 | Lair:2   | Reached XP level 12. HP: 36/75 MP: 17/17
 10536 | Lair:2   | Found a runed translucent gate.
 11528 | Lair:3   | Reached skill level 10 in Axes
 12308 | Lair:4   | Reached skill level 10 in Fighting
 12463 | Lair:4   | Found a staircase to the Snake Pit.
 12492 | Lair:4   | Noticed a five-headed hydra
 12539 | Lair:3   | Killed a five-headed hydra
 12592 | Lair:4   | Noticed a death yak
 12592 | Lair:4   | Noticed a death yak
 12593 | Lair:4   | Noticed a death yak
 12594 | Lair:4   | Noticed a death yak
 12594 | Lair:4   | Noticed a death yak
 12625 | Lair:4   | Killed a death yak
 12631 | Lair:4   | Reached skill level 10 in Armour
 12631 | Lair:4   | Reached XP level 13. HP: 55/83 MP: 18/18
 12713 | Lair:4   | Found a staircase to the Swamp.
 13763 | Lair:5   | Paralysed by a floating eye for 2 turns
 13775 | Lair:5   | Paralysed by a floating eye for 2 turns
 13783 | Lair:5   | Paralysed by a floating eye for 3 turns
 13792 | Lair:5   | Paralysed by a floating eye for 3 turns
 13798 | Lair:5   | Paralysed by a floating eye for 3 turns
 13805 | Lair:5   | Paralysed by a floating eye for 2 turns
 13813 | Lair:5   | Paralysed by a floating eye for 4 turns
 14179 | Lair:5   | Paralysed by a floating eye for 2 turns
 14184 | Lair:5   | Paralysed by a floating eye for 4 turns
 14234 | Lair:6   | Entered Level 6 of the Lair of Beasts
 14790 | Lair:6   | Reached ****** piety under Qazlal
 14838 | Lair:6   | Killed from afar by a lindwurm

Levels and vault maps discovered:
D:1:      dpeg_arrival_shelter, layout_basic, minmay_strange_pillars,
          nemelex_diamond_rough_becter
D:2:      layout_loops_cross, uniq_crazy_yiuf_cottage, uniq_sigmund,
          uniq_jessica
D:3:      layout_loops_ring, first_ration, hangedman_feature_mirror
D:4:      layout_basic, serial_shops, shop, wad_floor_pattern_1
D:5:      layout_rooms, grunt_gozag_breadcrumbs,
          minmay_temple_entry_glassed_door, uniq_pikel
D:6:      minmay_inner_zag, layout_loops_corners, nicolae_ossuary_entry_plus,
          kennysheep_nondescript, minmay_misc_feat_pillars, uniq_edmund
D:7:      layout_rooms, marbit_many_paths, gammafunk_temple_overflow_pools,
          serial_shops, nicolae_shop_competitors_out_of_business,
          grunt_ogre_cave, uniq_duvessa
D:8:      layout_cave_pools, led_sif_pool, serial_column_ruins,
          column_ruins_hut_ruined, column_ruins_hut, column_ruins_grid_3,
          column_ruins_corridor_straight, column_ruins_open_small,
          column_ruins_open_tiny, column_ruins_open_medium,
          lemuel_altar_in_water2
D:9:      layout_cave_pools, okawaru_metal_pillars_1_2, kennysheep_little_box,
          erik_lair_orcish_takeover, david_orc_3, minmay_bent, uniq_harold
D:10:     layout_loops_ring, serial_glass, glass_columns_a, glass_columns_b,
          minmay_increasing_density
Temple:   minmay_freezing_vapour_temple
Lair:1:   layout_small_grid, beast_lair_carwin_3
Lair:2:   layout_hall_layers, gammafunk_ghost_split, grunt_megastairs_2
Lair:3:   layout_hall_layers, grunt_megastairs_3, infiniplex_staircase_pool_2,
          lemuel_fruit_tree
Lair:4:   layout_roguey, swamp_mist_pool, guppyfry_snake_entry_garden,
          infiniplex_staircase_pool
Lair:5:   layout_roguey, disabler_island
Lair:6:   minmay_lair_end_frog_pond, layout_regular_city,
          minmay_slime_entry_pillars, serial_bayou_shore_a

Skill      XL: |  1  2  3  4  5  6  7  8  9 10 11 12 13 |
---------------+----------------------------------------+-----
Axes           | 2 3 4 5 6 8 9 10 12 | 12.2
Shields        | 4 5 7 8 9 10 11 12 | 12.9
Fighting       | 4 5 6 7 8 10 12 | 12.6
Armour         | 4 5 6 7 8 10 | 10.2
Invocations    | 1 2 4 5 6 7 |  7.5

Action                   |  1- 3 |  4- 6 |  7- 9 | 10-12 | 13-15 || total
-------------------------+-------+-------+-------+-------+-------++-------
Melee: War axe           |    90 |   193 |   504 |   686 |   130 ||  1603
       Flail             |       |       |       |       |     6 ||     6
Invok: Upheaval          |       |       |       |     1 |     2 ||     3
       Disaster Area     |       |       |       |     1 |     1 ||     2
Evoke: Wand              |       |     3 |       |       |     2 ||     5
  Use: Scroll            |     2 |     1 |     1 |     2 |     3 ||     9
       Potion            |       |     2 |       |     1 |     4 ||     7
  Eat: Chunk             |     1 |     5 |    12 |    15 |     5 ||    38
       Ration            |       |       |     2 |     2 |     2 ||     6
Armor: Scale mail        |    21 |       |       |       |       ||    21
       Chain mail        |    51 |   193 |   340 |    13 |       ||   597
       Plate armour      |       |       |       |   382 |   280 ||   662
Dodge: Dodged            |    27 |    72 |   132 |   156 |    79 ||   466
       Deflected         |       |       |       |     1 |       ||     1
Block: Kite shield       |    59 |   190 |   354 |   811 |   344 ||  1758

Table legend:
 A = Non-vault XP
 B = Vault XP
 C = Vault XP percentage of total XP
 D = Non-vault monster count
 E = Vault monster count
 F = Vault count percentage of total count
                 A         B        C        D         E       F
            +---------+---------+-------+---------+---------+-------
      Total |   42281 |   11817 |  21.8 |     306 |     105 |  25.5
            +---------+---------+-------+---------+---------+-------
        D:1 |      20 |       0 |   0.0 |      15 |       0 |   0.0
        D:2 |      81 |     264 |  76.5 |      26 |       2 |   7.1
        D:3 |     118 |       0 |   0.0 |      23 |       0 |   0.0
        D:4 |     269 |       0 |   0.0 |      17 |       0 |   0.0
        D:5 |     588 |     651 |  52.5 |      13 |       1 |   7.1
        D:6 |     169 |     222 |  56.8 |      11 |       3 |  21.4
        D:7 |     891 |     333 |  27.2 |      23 |       3 |  11.5
        D:8 |    1258 |       0 |   0.0 |      21 |       0 |   0.0
        D:9 |    1582 |    2874 |  64.5 |      15 |      22 |  59.5
       D:10 |    2634 |     661 |  20.1 |      30 |       6 |  16.7
     Lair:1 |    3097 |     906 |  22.6 |      11 |       4 |  26.7
     Lair:2 |    2557 |     103 |   3.9 |      16 |       1 |   5.9
     Lair:3 |    8246 |     663 |   7.4 |      26 |       2 |   7.1
     Lair:4 |    9892 |     169 |   1.7 |      26 |       1 |   3.7
     Lair:5 |    4871 |     368 |   7.0 |      16 |       2 |  11.1
     Lair:6 |    6008 |    4482 |  42.7 |      17 |      20 |  54.1
    Ossuary |       0 |     121 | 100.0 |       0 |      38 | 100.0
            +---------+---------+-------+---------+---------+-------
